 Dungeon Crawl Stone Soup version 0.21.1-1-g345015fe64 (webtiles) character file.

87 Delanovic the Chopper (level 4, -3/35 HPs)
             Began as a Demonspawn Monk on May 28, 2018.
             Killed from afar by Sigmund (5 damage)
             ... with a puff of flame
             ... on level 2 of the Dungeon.
             The game lasted 00:04:50 (2302 turns).

Delanovic the Chopper (Demonspawn Monk)             Turns: 2302, Time: 00:04:51

Health: -3/35      AC:  3    Str: 13      XL:     4   Next: 28%
Magic:  4/4        EV: 13    Int: 15 (16) God:
Gold:   196        SH:  0    Dex: 14 (15) Spells: 3/3 levels left

rFire    . . .     SeeInvis .   a - +0 hand axe
rCold    . . .     Gourm    .   (no shield)
rNeg     + . .     Faith    .   e - +1 robe {rN+}
rPois    +         Spirit   .   f - +0 hat
rElec    .         Reflect  .   (no cloak)
rCorr    .         Harm     .   (no gloves)
MR       .....                  (no boots)
Stlth    +.........             (no amulet)
HPRegen  0.11/turn              g - ring of loudness (curse)
MPRegen  0.09/turn              h - ring of poison resistance

@: brilliant
A: hooves 1, demonic guardian 1
a: no special abilities


You were on level 2 of the Dungeon.
You were not hungry.

You visited 1 branch of the dungeon, and saw 3 of its levels.

You collected 196 gold pieces.

Inventory:

Hand Weapons
 a - a +0 hand axe (weapon)
Missiles
 m - 28 bolts
Armour
 b - a +0 robe
 e - a +1 robe of positive energy (worn)
 f - a +0 hat (worn)
Jewellery
 g - a cursed ring of loudness (left hand)
 h - a ring of poison resistance (right hand)
Scrolls
 d - a scroll of teleportation {unknown}
 i - a scroll of enchant weapon {unknown}
 k - 3 scrolls of identify {unknown}
Potions
 j - a potion of brilliance
Comestibles
 c - 5 rations
 n - 2 chunks of flesh


   Skills:
 - Level 3.0 Fighting
 + Level 4.7 Axes
 - Level 2.6 Dodging
 - Level 1.7 Stealth


You had 3 spell levels left.
You didn't know any spells.

Dungeon Overview and Level Annotations

Branches:
Dungeon (3/15)

Altars:

Annotations:
D:2 Sigmund


Innate Abilities, Weirdness & Mutations

You have large cloven feet.
A weak demonic guardian rushes to your aid.


Message History

Your shadow imp disappears in a puff of smoke!
You hit something but do no damage. Your kick misses something.
Something hits you.
It was a potion of brilliance.
You feel clever all of a sudden. Something hits you.
* * * LOW HITPOINT WARNING * * *
It was a potion of curing.
You feel better.
You barely miss something. You kick something. Something hits you!
* * * LOW HITPOINT WARNING * * *
You hit something. You kick something. Something barely misses you.
Okay, then.
You completely miss something. You closely miss something. You kick something.
Something hits you!
* * * LOW HITPOINT WARNING * * *
You closely miss something. Your kick misses something.
You hear some strange, mumbled words.
A puff of flame appears from out of thin air!
The puff of flame hits you!
You die...

.................................
##...##..........###.....#.......
.#...##..........# #.....#.......
.#...##..........# #.....#.......
.#...##..........###.....#.......
.##<###..........#....####.......
....###..........#....# #.......
.....###.......{......########...
.....#..........@...........###..
.......#....................# #..
...#.###....................###..
...#........................#....
.....##.....................#....
...#.##...###########.......#....
...#.##..(###########.......####.
##...........#...................
.............#...................


There were no monsters in sight!

Vanquished Creatures
  Jessica (D:2)
  2 adders (D:2)
  An ooze (D:1)
  2 worms (D:2)
  3 leopard geckos
  A giant cockroach (D:2)
  2 goblins (D:1)
  2 hobgoblins
  2 jackals (D:2)
  A quokka (D:2)
  A ball python (D:2)
  2 bats
  A frilled lizard (D:2)
  4 kobolds
  7 rats
32 creatures vanquished.

Vanquished Creatures (collateral kills)
  A dart slug (D:2)
1 creature vanquished.

Grand Total: 33 creatures vanquished

Notes
Turn   | Place    | Note
-------+----------+-------------------------------------------
     0 | D:1      | Delanovic the Demonspawn Monk began the quest for the Orb.
     0 | D:1      | Reached XP level 1. HP: 18/18 MP: 1/1
    72 | D:1      | Reached skill level 3 in Axes
   101 | D:1      | Gained mutation: A weak demonic guardian rushes to your aid. [demonic ancestry]
   101 | D:1      | Reached XP level 2. HP: 10/24 MP: 2/2
   800 | D:2      | Noticed Sigmund
  1262 | D:2      | Reached XP level 3. HP: 5/29 MP: 3/3
  1712 | D:2      | Reached skill level 4 in Axes
  1792 | D:2      | Noticed Jessica
  1806 | D:2      | Killed Jessica
  1874 | D:2      | Gained mutation: You have large cloven feet. [demonic ancestry]
  1874 | D:2      | Reached XP level 4. HP: 18/35 MP: 4/4
  2302 | D:2      | Killed from afar by Sigmund

Skill      XL: |  1  2  3 |
---------------+----------+-----
Axes           | 3 4 |  4.7
Fighting       | |  3.0
Dodging        | |  2.6
Stealth        | |  1.7

Action                   |  1- 3 |  4- 6 || total
-------------------------+-------+-------++-------
Melee: Hand axe          |   115 |    27 ||   142
       Kick              |       |    10 ||    10
  Use: Potion            |     2 |     2 ||     4
 Stab: Sleeping          |     2 |       ||     2
  Eat: Ration            |     1 |       ||     1
       Chunk             |       |     1 ||     1
Armor: Robe              |    17 |     6 ||    23
Dodge: Dodged            |    80 |    10 ||    90
